 Dungeon Crawl Stone Soup version 0.24-a0-639-gb70a11d811 (webtiles) character file.

Game seed: 1066899990952298382, levelgen mode: deterministic

28 Johnny the Chiller (level 2, -1/23 HPs)
             Began as a Draconian Ice Elementalist on Sept 21, 2019.
             Slain by a goblin (2 damage)
             ... on level 1 of the Dungeon.
             The game lasted 00:01:13 (1110 turns).

Johnny the Chiller (Draconian Ice Elementalist)     Turns: 1110, Time: 00:01:14

Health: -1/23      AC:  4    Str: 10    XL:     2   Next: 96%
Magic:  2/5        EV: 12    Int: 15    God:
Gold:   59         SH:  0    Dex: 11    Spells: 4/5 levels left

rFire    . . .     SeeInvis .   e - +0 club
rCold    . . .     Gourm    .   (no shield)
rNeg     . . .     Faith    .   (armour unavailable)
rPois    .         Spirit   .   (helmet restricted)
rElec    .         Reflect  .   (no cloak)
rCorr    .         Harm     .   (no gloves)
MR       .....                  (no boots)
Stlth    ++........             (no amulet)
HPRegen  0.07/turn              (no ring)
MPRegen  0.09/turn              (no ring)

@: no status effects
A: unfitting armour, cold-blooded, AC +4
a: no special abilities


You were on level 1 of the Dungeon.
You were not hungry.

You visited 1 branch of the dungeon, and saw 1 of its levels.

You collected 59 gold pieces.

Inventory:

Hand Weapons
 e - a +0 club (weapon)
Scrolls
 d - a scroll of remove curse {unknown}
 f - a scroll of teleportation {unknown}
Potions
 a - a potion of might {unknown}
 g - a potion of flight {unknown}
Comestibles
 b - a ration
 c - a chunk of flesh


   Skills:
 + Level 1.1 Fighting
 + Level 2.1 Dodging
 - Level 1.7 Stealth
 * Level 2.4 Spellcasting
   Level 1.0 Conjurations
 * Level 3.3 Ice Magic


You had 4 spell levels left.
You knew the following spells:

 Your Spells              Type           Power        Failure   Level  Hunger
a - Freeze                Ice            ##..         5%          1    #......

Your spell library contained the following spells:

 Spells                   Type           Power        Failure   Level  Hunger
 Throw Frost              Conj/Ice       #.....       13%         2    ###....
 Ozocubu's Armour         Chrm/Ice       #.......     32%         3    ###....
 Throw Icicle             Conj/Ice       #.......     65%         4    #####..
 Summon Ice Beast         Ice/Summ       #.......     71%         4    #####..


Dungeon Overview and Level Annotations

Branches:
Dungeon (1/15)

Altars:


Innate Abilities, Weirdness & Mutations

Your plain brown scales are hard. (AC +4)
You cannot fit into any form of body armour.
You are cold-blooded and may be slowed by cold attacks.


Message History

Casting: Freeze (safe; 5% risk of failure)
Confirm with . or Enter, or press ? or * to list all spells.
Aiming: Freeze (safe; 5% risk of failure)
Press: ? - help, Shift-Dir - straight line, f - kobold
Aim: a kobold, wielding a +0 club You freeze the kobold.
The kobold is severely wounded.
The kobold hits you with a +0 club!
* * * LOW HITPOINT WARNING * * *
The goblin hits you.
* * * LOW HITPOINT WARNING * * *
Casting: Freeze (safe; 5% risk of failure)
Confirm with . or Enter, or press ? or * to list all spells.
Aiming: Freeze (safe; 5% risk of failure)
Press: ? - help, Shift-Dir - straight line, f/p - kobold
Aim: a kobold, wielding a +0 club (severely wounded)
You freeze the kobold.
You kill the kobold!
The goblin hits you.
You die...

#...##........#....#...#
#.....
#...####.....#####.#...#
#..... #.... ..#.....#
#.#...# #..... ...
...#.....# #.....#####.#.
....#.....####.............
....#................^.....
##......................
........................
......)@)...#.#.........
..####g..#........##....
.....#........##....
.......##K......##....
.......... .......
.#.......##...... #.......#
#### .........


You could see a goblin.

Vanquished Creatures
  2 giant cockroaches (D:1)
  4 hobgoblins (D:1)
  A jackal (D:1)
  5 kobolds (D:1)
  3 bats (D:1)
  3 frilled lizards (D:1)
  7 goblins (D:1)
  2 rats (D:1)
27 creatures vanquished.

Notes
Turn   | Place    | Note
-------+----------+-------------------------------------------
     0 | D:1      | Johnny the Draconian Ice Elementalist began the quest for
                  | the Orb.
     0 | D:1      | Reached XP level 1. HP: 14/14 MP: 3/3
   422 | D:1      | Reached XP level 2. HP: 7/22 MP: 0/5
   890 | D:1      | Reached skill level 1 in Fighting
  1109 | D:1      | HP: 1/23 [goblin (1)]
  1110 | D:1      | Slain by a goblin

Levels and vault maps discovered:
D:1:      roderic_octagonal_star, layout_basic

Skill      XL: |  1  2 |
---------------+-------+-----
Dodging        | 2 |  2.1
Fighting       | 1 |  1.1
Stealth        | |  1.7
Spellcasting   | |  2.4
Conjurations   | |  1.0
Ice Magic      | |  3.3

Action                   || total
-------------------------++-------
Melee: Unarmed           ||   110
       Tailslap          ||     7
       Club              ||    16
 Cast: Freeze            ||    25
 Stab: Sleeping          ||     1
  Eat: Chunk             ||     1
Armor: Skin              ||    56
Dodge: Dodged            ||   123

Table legend:
 A = Non-vault XP
 B = Vault XP
 C = Vault XP percentage of total XP
 D = Non-vault monster count
 E = Vault monster count
 F = Vault count percentage of total count
                 A         B        C        D         E       F
            +---------+---------+-------+---------+---------+-------
      Total |      40 |       0 |   0.0 |      27 |       0 |   0.0
            +---------+---------+-------+---------+---------+-------
        D:1 |      40 |       0 |   0.0 |      27 |       0 |   0.0
            +---------+---------+-------+---------+---------+-------
